 Dungeon Crawl Stone Soup version 0.23-a0-619-g281719c (console) character file.

163 Duffy the Conjurer (level 5, -8/42 HPs)
             Began as a Naga Fire Elementalist on Dec 22, 2018.
             Mangled by an ogre
             ... wielding a +0 giant club
              (21 damage)
             ... on level 4 of the Dungeon.
             The game lasted 00:03:38 (3127 turns).

Duffy the Conjurer (Naga Fire Elementalist)         Turns: 3127, Time: 00:03:39

Health: -8/42      AC:  4    Str: 10    XL:     5   Next: 44%
Magic:  9/9        EV: 10    Int: 17    God:
Gold:   171        SH:  0    Dex: 11    Spells: 1/9 levels left

rFire    . . .     SeeInvis +   t - +2 quarterstaff (chaos)
rCold    . . .     Gourm    .   (shield currently unavailable)
rNeg     . . .     Faith    .   a - +1 robe
rPois    +         Spirit   .   (no helmet)
rElec    .         Reflect  .   s - +0 cloak
rCorr    .         Harm     +   (no gloves)
MR       .....                  (no barding)
Stlth    ++........             n - amulet of harm
HPRegen  0.14/turn              (no ring)
MPRegen  0.11/turn              (no ring)

@: very slow
A: large, see invisible, deformed body, poison resistance, slowness 2, slow
metabolism 1, spit poison 1, AC +1
a: Spit Poison


You were on level 4 of the Dungeon.
You were hungry.

You visited 1 branch of the dungeon, and saw 4 of its levels.

You collected 171 gold pieces.

Inventory:

Hand Weapons
 t - a +2 quarterstaff of chaos (weapon)
 u - a +0 blowgun
Missiles
 d - 4 poisoned tomahawks (quivered)
Armour
 a - a +1 robe (worn)
 s - a +0 cloak (worn)
Jewellery
 n - an amulet of harm (around neck)
Scrolls
 e - a scroll of amnesia {unknown}
 f - a scroll of blinking {unknown}
 g - 4 scrolls of fear {unknown}
 i - a scroll of teleportation {unknown}
 j - 2 scrolls of identify {unknown}
 k - a scroll of random uselessness {unknown}
 m - 2 scrolls of remove curse {unknown}
 v - a scroll of immolation {unknown}
Potions
 b - 3 potions of heal wounds {unknown}
 h - a potion of degeneration {unknown}
 l - a potion of mutation {unknown}
 o - a potion of invisibility {unknown}
 q - 2 potions of agility {unknown}
 r - a potion of brilliance {unknown}
Comestibles
 c - 7 rations


   Skills:
 - Level 1.5 Dodging
 - Level 3.0 Stealth
 + Level 2.9 Spellcasting
 + Level 3.8 Conjurations
 + Level 3.8 Fire Magic


You had one spell level left.
You knew the following spells:

 Your Spells              Type           Power        Failure   Level  Hunger
h - Flame Tongue          Conj/Fire      ###..        3%          1    None
j - Sticky Flame          Conj/Fire      ###.....     36%         4    ####...
l - Conjure Flame         Conj/Fire      ###.....     11%         3    ###....

Your spell library contained the following spells:

 Spells                   Type           Power        Failure   Level  Hunger
 Throw Flame              Conj/Fire      ###...       5%          2    ##.....
 Inner Flame              Hex/Fire       #.......     24%         3    ###....
 Fireball                 Conj/Fire      ###.......   71%         5    ######.


Dungeon Overview and Level Annotations

Branches:
Dungeon (4/15)
 Temple: D:4-7

Altars:
Sif Muna
Trog
Xom


Innate Abilities, Weirdness & Mutations

You cannot wear boots.
Your serpentine skin is tough. (AC +1)
You have supernaturally acute eyesight. (SInv)
Armour fits poorly on your strangely shaped body.
Your system is resistant to poisons. (rPois)
You cover ground very slowly.
You have a slow metabolism.
You can spit poison.


Message History

The ogre shouts!
Found a dagger.
An ogre is nearby!
The ogre barely misses you.
There is an open door here.
You hit the ogre.
The ogre is lightly wounded.
The ogre hits you with a +0 giant club!
You closely miss the ogre.
The ogre is lightly wounded.
The ogre hits you with a +0 giant club!!
Ouch! That really hurt!
You are too injured to fight recklessly!
You are too injured to fight recklessly!
You are too injured to fight recklessly!
You sock the ogre!
The ogre looks as sick as possible!
The ogre is heavily wounded.
The ogre hits you with a +0 giant club!!
Ouch! That really hurt!
You die...

...+............<#
..#.^...........#
##+#
#.##.############
##...####.##.####..
.......#............
.......#............
...)...#............
......O#............
.......@............
.......#............
##.##..###...###....
#.. #...# ### ...
.....# .... .....#
..... ....# ......
..#


You could see an ogre.

Vanquished Creatures
  Crazy Yiuf (D:3)
  7 adders
  A dart slug (D:2)
  2 worms (D:2)
  4 leopard geckos
  2 orcs (D:3)
  7 ball pythons
  11 bats
  A giant cockroach (D:2)
  6 goblins
  3 hobgoblins
  2 jackals (D:3)
  A quokka (D:3)
  4 frilled lizards (D:2)
  6 kobolds
  10 rats
68 creatures vanquished.

Notes
Turn   | Place    | Note
-------+----------+-------------------------------------------
     0 | D:1      | Duffy the Naga Fire Elementalist began the quest for the
                  | Orb.
     0 | D:1      | Reached XP level 1. HP: 15/15 MP: 3/3
   154 | D:1      | Reached XP level 2. HP: 19/22 MP: 0/5
   825 | D:2      | Reached XP level 3. HP: 28/28 MP: 3/6
  1300 | D:2      | Reached XP level 4. HP: 36/36 MP: 4/7
  1424 | D:2      | Found a deep blue altar of Sif Muna.
  1939 | D:2      | Found a bloodstained altar of Trog.
  1945 | D:2      | Learned a level 3 spell: Conjure Flame
  2447 | D:3      | Reached XP level 5. HP: 42/42 MP: 4/9
  2555 | D:3      | Found a runed door.
  2561 | D:3      | Learned a level 4 spell: Sticky Flame
  2564 | D:3      | Noticed Crazy Yiuf
  2569 | D:3      | Killed Crazy Yiuf
  2775 | D:3      | Found a shimmering altar of Xom.
  3123 | D:4      | Noticed an ogre
  3127 | D:4      | Mangled by an ogre

Vault maps used:
D:1:      lightli_iron_boxes
D:2:      minmay_chambers_of_twos, nicolae_overflow_crystal_walls,
          lightli_temple_of_fire, st_stairs_4, minmay_tromino_mix6
D:3:      old_standard_altar, first_ration, minmay_shallow_snake_nest,
          uniq_crazy_yiuf_cottage
D:4:      serial_shops, shop, shop, shop, kennysheep_mini,
          kennysheep_generic_room_14

Skill      XL: |  1  2 |
---------------+-------+-----
Conjurations   | 2 3 |  3.8
Dodging        | |  1.5
Stealth        | |  3.0
Spellcasting   | |  2.9
Fire Magic     | |  3.8

Action                   |  1- 3 |  4- 6 || total
-------------------------+-------+-------++-------
Melee: Unarmed           |       |     2 ||     2
       Quarterstaff      |       |    25 ||    25
Throw: Tomahawk          |    31 |     4 ||    35
 Cast: Flame Tongue      |    36 |    37 ||    73
 Abil: Spit Poison       |     5 |     6 ||    11
  Use: Scroll            |       |     1 ||     1
  Eat: Chunk             |     1 |     5 ||     6
Armor: Robe              |     4 |    38 ||    42
Dodge: Dodged            |    20 |    42 ||    62

Table legend:
 A = Non-vault XP
 B = Vault XP
 C = Vault XP percentage of total XP
 D = Non-vault monster count
 E = Vault monster count
 F = Vault count percentage of total count
                 A         B        C        D         E       F
            +---------+---------+-------+---------+---------+-------
      Total |     134 |     100 |  42.7 |      47 |      21 |  30.9
            +---------+---------+-------+---------+---------+-------
        D:1 |      23 |       0 |   0.0 |      13 |       0 |   0.0
        D:2 |      47 |      40 |  46.0 |      15 |      14 |  48.3
        D:3 |      64 |      60 |  48.4 |      19 |       7 |  26.9
            +---------+---------+-------+---------+---------+-------
